 Dungeon Sprint DCSS version 0.14-a0-291-gb04d185 (console) character file.

549 Dalvant the Arsonist (level 6, 2/35 HPs)
             Began as a Deep Elf Fire Elementalist on Oct 18, 2013.
             Quit the game in the Dungeon (Sprint II: "The Violet Keep of Menkaure").
             The game lasted 00:04:08 (433 turns).

Dalvant the Arsonist (Deep Elf Fire Elementalist)    Turns: 433, Time: 00:04:08

HP   2/35        AC  4     Str  5      XL: 6   Next: 11%
MP   5/18        EV 13     Int 19 (22) God:
Gold 255         SH  0     Dex 15      Spells:  3 memorised,  2 levels left

Res.Fire  : . . .   See Invis. : .   j - +9,+3 short sword of Flawed Execution {freeze, MR++ Stlth+}
Res.Cold  : . . .   Warding    : .   a - +0 elf robe
Life Prot.: . . .   Conserve   : .   (no shield)
Res.Poison: +       Res.Corr.  : .   (no helmet)
Res.Elec. : .       Clarity    : .   h - +1 orc cloak {rPois}
Sust.Abil.: . .     Spirit.Shd : .   (no gloves)
Res.Mut.  : .       Prev.Telep.: +   (no boots)
Res.Rott. : .       Flight     : .   (no amulet)
Saprovore : . . .                    (no ring)
                                     (no ring)

@: very slightly contaminated, very resistant to hostile enchantments, very
stealthy
A: no striking features
a: no special abilities


You were in the Dungeon.
You were not hungry.

You visited 1 branch You collected 486 gold pieces.
You spent 251 gold pieces at shops.

Inventory:

Hand weapons
 j - the +9,+3 short sword of Flawed Execution (weapon) {freeze, MR++ Stlth+}
   (You bought it in a shop in the Dungeon)

   It has been specially enchanted to freeze those struck by it, causing extra
   injury to most foes and up to double damage against particularly susceptible
   opponents.
   It can also slow down cold-blooded creatures.
   It affects your resistance to hostile enchantments.
   It makes you much more stealthy.
Armour
 a - a +0 elven robe (worn)
 h - a +1 orcish cloak of poison resistance (worn)
Comestibles
 c - a bread ration
Scrolls
 i - a scroll of blinking
Potions
 d - a potion of curing
 f - a potion of speed
 g - 2 potions of magic
Books
 b - a book of Flames

   Spells                             Type                      Level
   *Flame Tongue                      Conjuration/Fire             1
   Throw Flame                        Conjuration/Fire             2
   Conjure Flame                      Conjuration/Fire             3
   *Inner Flame                       Hexes/Fire                   3
   Sticky Flame                       Conjuration/Fire             4
   *Fireball                          Conjuration/Fire             5


   Skills:
 - Level 4.4 Fighting
 - Level 2.4 Dodging
 - Level 5.3 Stealth
 + Level 3.1 Spellcasting
 * Level 6.3 Conjurations
 + Level 10.4 Fire Magic


You had 2 spell levels left.
You knew the following spells:

 Your Spells              Type           Power        Failure   Level  Hunger
a - Flame Tongue          Conj/Fire      ####.        1%          1    None
b - Fireball              Conj/Fire      ####......   14%         5    #####..
c - Inner Flame           Hex/Fire       ###.....     6%          3    ###....


Dungeon Overview and Level Annotations

Branches:
Dungeon (1/1)

Altars:

Shops:
D +(![+%!=[(=+%?//

Annotations:
D exclusion: oklob plant


Message History

There is an open door here.
Casting: Fireball
Confirm with . or Enter, or press ? or * to list all spells.
Aiming: Fireball
Press: ? - help, Shift-Dir - straight line, f/p - agate snail
Aim: an agate snail (almost dead, regenerating health quickly, protected by its shell)
The fireball explodes!
The fireball engulfs the agate snail.
The agate snail is almost dead.
Casting: Fireball
Confirm with . or Enter, or press ? or * to list all spells.
Okay, then.
There is an open door here.
Things that are here:
a giant centipede corpse
There is a staircase leading out of the dungeon here.
The baby alligator bites you but does no damage.
There is a staircase leading out of the dungeon here.
There is a staircase leading out of the dungeon here.
There is an open door here.
Are you sure you want to abandon this character and quit the game? (Confirm with "yes".)

≈## ############≈≈#+
###########≈≈≈... ##....∩.∩.#≈≈≈≈.#
##...∩.∩..#≈≈≈≈## ####
##..∩.∩...#≈≈≈≈# ..#
##.⌠.∩....#{≈### ###..##
##..∩.∩...#≈##.###+# #.##..#
##...∩.∩..#≈#.#.##.###..#..#
##....∩.∩.'≈'##.@t<<%.##'..###
##.....∩.∩#≈##..##.###..#....###...
###########≈##.###+# #.##.....§≈≈≈≈
##$UU######≈≈### ###§§..§.§§#+#
#(WU#a ##≈≈≈# #≈≈≈§§§§..≈#. #∩P%+.
+#≈# #≈§§j§§§≈.≈#. #).$#! ≈≈
#≈≈≈≈§§≈≈≈≈≈#. ($. # ≈≈≈≈≈≈≈≈≈§≈≈#
+ '#≈≈§≈≈≈≈≈§ ##§≈≈###§ ≈≈#


You could see a baby alligator.

Vanquished Creatures
  4 brain worms (D)
  4 giant centipedes (D)
8 creatures vanquished.

Vanquished Creatures (others)
  Menkaure (D)
1 creature vanquished.

Grand Total: 9 creatures vanquished

Notes
Turn   | Place    | Note
--------------------------------------------------------------
     0 | D        | Dalvant, the Deep Elf Fire Elementalist, began the quest for the Orb.
     0 | D        | Reached XP level 1. HP: 10/10 MP: 4/4
     4 | D        | Noticed a brain worm
     4 | D        | Noticed a brain worm
     4 | D        | Noticed a brain worm
     4 | D        | Noticed a brain worm
    10 | D        | Killed a brain worm
    10 | D        | Reached skill level 6 in Fire Magic
    10 | D        | Reached XP level 2. HP: 15/15 MP: 3/7
    10 | D        | Reached XP level 3. HP: 19/19 MP: 3/9
    20 | D        | Killed a brain worm
    20 | D        | Reached skill level 8 in Fire Magic
    20 | D        | Reached XP level 4. HP: 22/24 MP: 4/12
    24 | D        | Killed a brain worm
    24 | D        | Reached skill level 5 in Conjurations
    24 | D        | Reached skill level 9 in Fire Magic
    24 | D        | Reached XP level 5. HP: 14/29 MP: 5/15
    30 | D        | Killed a brain worm
    30 | D        | Reached skill level 5 in Stealth
    30 | D        | Reached skill level 10 in Fire Magic
    35 | D        | Learned a level 3 spell: Inner Flame
    41 | D        | Learned a level 5 spell: Fireball
   135 | D        | Killed Menkaure
   302 | D        | Reached XP level 6. HP: 35/35 MP: 15/18
   352 | D        | Found Shauc's Magical Wand Shop.
   353 | D        | Found Kaufasuf's Magic Scroll Shop.
   353 | D        | Found Meuzur's Jewellery Shop.
   353 | D        | Found Guc Cauju's Jewellery Shop.
   353 | D        | Found Xangui's Book Shop.
   353 | D        | Found Reuph's Antique Armour Boutique.
   353 | D        | Found Ranis' Food Boutique.
   353 | D        | Found Utuofoug's Book Shop.
   353 | D        | Found Cruibal's Food Boutique.
   354 | D        | Found Etuod's Distillery.
   354 | D        | Found Friadgh's Antique Armour Boutique.
   354 | D        | Found Fruox's Antique Weapon Boutique.
   354 | D        | Found Opaa's Distillery.
   355 | D        | Found Stompamoup's Antique Weapon Shop.
   355 | D        | Found Prit's Magical Wand Boutique.
   355 | D        | Noticed a black bear
   356 | D        | Noticed a crocodile
   356 | D        | Noticed a black bear
   356 | D        | Noticed a black bear
   357 | D        | Found Wenkonli's Book Shoppe.
   358 | D        | Noticed an oklob plant
   365 | D        | Noticed a soldier ant
   365 | D        | Noticed a soldier ant
   374 | D        | Bought an embroidered orcish cloak for 22 gold pieces
   392 | D        | Bought a polished short sword for 229 gold pieces
   393 | D        | Identified the +9,+3 short sword of Flawed Execution {freeze, MR++ Stlth+} (You bought it in a shop in the Dungeon)
   393 | D        | Identified the +9,+3 short sword of Flawed Execution {freeze, MR++ Stlth+} (You bought it in a shop in the Dungeon)
   415 | D        | Noticed an agate snail
   417 | D        | Noticed a baby alligator
   419 | D        | HP: 1/35 [baby alligator (12)]
   433 | D        | Quit the game

Action                   |  1- 3 |  4- 6 || total
-------------------------+-------+-------++-------
Melee: Unarmed           |     8 |     3 ||    11
 Cast: Flame Tongue      |     2 |    15 ||    17
       Fireball          |       |     1 ||     1
  Use: Potion            |     1 |     1 ||     2
